Calgary Flames vs Edmonton Oilers
Created - Saturday, October 19, 2024 at 07:37
Goals
|
| Calgary Flames |
0 |
2 |
2 |
4 |
| Edmonton Oilers |
1 |
0 |
2 |
3 |
|
Shots
|
| Calgary Flames |
7 |
12 |
14 |
33 |
| Edmonton Oilers |
14 |
6 |
15 |
35 |
|
1st period
1. Edmonton Oilers , Ryan McLeod 3 (Morgan Barron 2, Evan Bouchard 17) at 10:39
Penalties :
David Perron (EDM) for Holding (Minor) at 7:38
2nd period
2. Calgary Flames , Nic Dowd 4 (Yakov Trenin 3, Garnet Hathaway 3) at 5:42
3. Calgary Flames , Joel Eriksson Ek 23 (Matthew Tkachuk 31) at 17:15 (PP)
Penalties :
Boone Jenner (EDM) for Cross-checking (Minor) at 3:03, Joel Eriksson Ek (CGY) for Interference (Minor) at 7:42, Brandon Carlo (EDM) for Delaying the game (Minor) at 17:03
3rd period
4. Edmonton Oilers , Jeff Carter 9 (David Perron 18, Evan Bouchard 18) at 0:21
5. Calgary Flames , Pavel Zacha 16 (Joel Eriksson Ek 20, Nic Dowd 9) at 6:12 (PP)
6. Edmonton Oilers , Alex Iafallo 6 (Dawson Mercer 26) at 15:23
7. Calgary Flames , Yakov Trenin 3 (Nic Dowd 10) at 18:54
Penalties :
Adrian Kempe (EDM) for Fighting (Major) at 1:53, Matthew Tkachuk (CGY) for Fighting (Major) at 1:53, Evan Bouchard (EDM) for Tripping (Minor) at 4:16, Juuse Saros (EDM) for Slashing (Double Minor) at 4:47 - David Perron served the penalty, Rasmus Andersson (CGY) for Tripping (Minor) at 6:27, Corey Perry (EDM) for Fighting (Major) at 10:25, Cole Sillinger (CGY) for Fighting (Major) at 10:25
Goalie Stats
Ilya Sorokin (CGY), 32 saves from 35 shots - (0.914), W, 26-13-4, 60:00 minutes
Juuse Saros (EDM), 29 saves from 33 shots - (0.879), L, 14-19-2, 59:02 minutes
Players Stats for Calgary Flames
Player Name G A P +/- PIM S H SB GA TA FO MP PP MP PK MP
------------------------------------------------------------------------------------
Cole Sillinger 0 0 0 -1 5 0 1 0 0 0 1/1 12:03 0:00 0:40
Drew Doughty 0 0 0 -1 0 1 0 1 0 2 0/0 23:46 3:08 1:10
Garnet Hathaway 0 1 1 2 0 1 2 0 0 0 0/0 7:57 0:00 0:00
J.T. Miller 0 0 0 0 0 2 1 2 0 0 9/13 17:58 3:06 0:24
Jake Middleton 0 0 0 1 0 1 0 0 0 0 0/0 15:44 0:20 0:00
Jeff Petry 0 0 0 -1 0 1 3 1 1 0 0/0 22:24 3:33 0:17
Jeremy Lauzon 0 0 0 1 0 0 1 0 0 1 0/0 14:16 0:00 0:32
Joel Eriksson Ek 1 1 2 -1 2 3 4 0 0 0 5/8 17:08 3:15 0:00
Kris Letang 0 0 0 -1 0 0 0 2 1 1 0/0 23:46 3:08 1:10
Mathieu Joseph 0 0 0 -2 0 2 2 0 1 0 0/0 13:21 0:00 0:00
Matthew Tkachuk 0 1 1 0 5 3 2 1 1 1 0/0 16:53 2:03 0:55
Nic Dowd 1 2 3 1 0 5 1 0 0 0 3/5 11:00 1:12 0:00
Oliver Bjorkstrand 0 0 0 -2 0 2 1 0 0 0 4/8 13:21 0:00 0:00
Pavel Zacha 1 0 1 0 0 2 2 0 0 0 3/5 21:18 3:35 0:58
Rasmus Andersson 0 0 0 -1 2 4 1 0 0 2 0/0 21:27 3:32 0:49
Sebastian Aho 0 0 0 -1 0 2 0 1 1 0 11/24 19:51 3:26 1:01
Yakov Trenin 1 1 2 2 0 2 0 1 1 0 0/1 7:57 0:00 0:00
Zach Hyman 0 0 0 -1 0 2 0 0 1 0 2/4 16:08 3:06 0:00
Players Stats for Edmonton Oilers
Player Name G A P +/- PIM S H SB GA TA FO MP PP MP PK MP
------------------------------------------------------------------------------------
Adrian Kempe 0 0 0 0 5 2 3 0 0 0 0/1 17:25 0:58 2:09
Alex Iafallo 1 0 1 0 0 1 1 0 1 0 0/2 14:36 0:00 0:00
Boone Jenner 0 0 0 0 2 2 0 0 1 0 10/19 15:09 0:58 0:00
Brandon Carlo 0 0 0 1 2 3 3 0 0 1 0/0 24:57 1:11 4:10
Brett Pesce 0 0 0 -1 0 0 1 1 0 1 0/0 15:03 0:48 0:04
Brock Boeser 0 0 0 0 0 7 1 0 0 0 0/2 20:43 0:58 3:27
Corey Perry 0 0 0 -1 5 2 0 1 0 0 0/0 12:15 0:00 0:00
David Perron 0 1 1 1 2 5 1 2 1 1 2/4 15:11 0:00 1:28
Dawson Mercer 0 1 1 0 0 2 2 1 2 0 9/17 18:18 0:36 2:15
Evan Bouchard 0 2 2 1 2 1 1 1 0 1 0/0 20:56 0:48 2:27
Jacob Trouba 0 0 0 1 0 1 4 1 1 1 0/0 23:33 1:11 2:45
Jake DeBrusk 0 0 0 1 0 3 0 1 1 0 1/7 17:24 1:01 2:28
Jeff Carter 1 0 1 1 0 2 1 1 0 1 7/13 13:56 1:01 0:10
Morgan Barron 0 1 1 1 0 1 1 0 0 1 0/1 9:40 0:25 0:00
Rasmus Ristolainen 0 0 0 -1 0 1 2 1 0 0 0/0 18:53 0:00 3:56
Ryan McLeod 1 0 1 0 0 1 1 0 0 0 2/3 8:23 0:00 0:00
Scott Mayfield 0 0 0 1 0 0 1 0 0 0 0/0 15:24 0:00 0:00
Tanner Jeannot 0 0 0 0 0 1 1 0 0 0 0/0 8:23 0:00 0:00
3 Stars
1 - Nic Dowd (CGY)
2 - Yakov Trenin (CGY)
3 - Joel Eriksson Ek (CGY)
Power Play
Calgary Flames - 2 on 5 Attempt(s) - 40.00%
Edmonton Oilers - 0 on 2 Attempt(s) - 0.00%
Penalty Kill
Calgary Flames - 2 on 2 Attempt(s) - 100.00%
- Score 0 goal in Penalty Kill
Edmonton Oilers - 3 on 5 Attempt(s) - 60.00%
- Score 0 goal in Penalty Kill
Team Stat
Calgary Flames - Hits : 21 - Faceoff Wins : 38 - Blocked Shots : 9 - Penalty Minutes : 14
Edmonton Oilers - Hits : 24 - Faceoff Wins : 31 - Blocked Shots : 10 - Penalty Minutes : 22
Official
Referees : Graham Skilliter and Kendrick Nicholson
Linesman : Jonathan Deschamps and Tommy Hughes
Game Notes
Matthew Tkachuk beats up Adrian Kempe at 1:53 of 3rd period
Cole Sillinger beats up Corey Perry at 10:25 of 3rd period
Finance
Level 1 -- Attendance: 6000 (100.00%) -- Ticket Income $540,000
Level 2 -- Attendance: 4594 (91.88%) -- Ticket Income $229,700
Level 3 -- Attendance: 2775 (92.50%) -- Ticket Income $83,250
Level 4 -- Attendance: 4766 (95.32%) -- Ticket Income $95,320
Luxury Box -- Attendance: 988 (98.80%) -- Ticket Income $187,720
Game was played at the Rexall Place.
Total Attendance: 19123 (95.62%)
Total Ticket Income: $1,135,990
Other Income: $397,596
Total Income: $1,533,586
Calgary Flames
5 vs 5 Forward
Center Left Wing Right Wing Time % Phy DF OF
1 J.T. Miller Pavel Zacha Matthew Tkachuk 30 1 2 2
2 Sebastian Aho Zach Hyman Joel Eriksson Ek 30 1 2 2
3 Oliver Bjorkstrand Cole Sillinger Mathieu Joseph 25 1 2 2
4 Nic Dowd Yakov Trenin Garnet Hathaway 15 1 2 2
5 vs 5 Defense
Defense Defense Time % Phy DF OF
1 Drew Doughty Kris Letang 35 1 2 2
2 Rasmus Andersson Jeff Petry 35 1 2 2
3 Jake Middleton Jeremy Lauzon 30 1 2 2
4 Drew Doughty Kris Letang 0 1 2 2
PowerPlay Forward
Center Left Wing Right Wing Time % Phy DF OF
1 Joel Eriksson Ek Pavel Zacha Matthew Tkachuk 50 1 2 2
2 Sebastian Aho Zach Hyman J.T. Miller 50 1 2 2
PowerPlay Defense
Defense Defense Time % Phy DF OF
1 Drew Doughty Kris Letang 50 1 2 2
2 Rasmus Andersson Jeff Petry 50 1 2 2
Penalty Kill 4 Players Forward
Center Wing Time % Phy DF OF
1 Pavel Zacha Sebastian Aho 50 1 2 2
2 Joel Eriksson Ek Matthew Tkachuk 50 1 2 2
Penalty Kill 4 Players Defense
Defense Defense Time % Phy DF OF
1 Drew Doughty Kris Letang 50 1 2 2
2 Rasmus Andersson Jeff Petry 50 1 2 2
Penalty Kill - 3 Players Forward
Forward Time % Phy DF OF
1 Matthew Tkachuk 50 1 2 2
2 Sebastian Aho 50 1 2 2
Penalty Kill - 3 Players Defense
Defense Defense Time % Phy DF OF
1 Drew Doughty Kris Letang 50 1 2 2
2 Rasmus Andersson Jeff Petry 50 1 2 2
4 vs 4 Forward
Center Wing Time % Phy DF OF
1 Pavel Zacha Sebastian Aho 50 1 2 2
2 Joel Eriksson Ek Matthew Tkachuk 50 1 2 2
4 vs 4 Defense
Defense Defense Time % Phy DF OF
1 Drew Doughty Kris Letang 50 1 2 2
2 Rasmus Andersson Jeff Petry 50 1 2 2
Last Minutes Offensive
Center Left Wing Right Wing Defense Defense
J.T. Miller Pavel Zacha Matthew Tkachuk Drew Doughty Kris Letang
Last Minutes Defensive
Center Left Wing Right Wing Defense Defense
J.T. Miller Pavel Zacha Matthew Tkachuk Drew Doughty Kris Letang
Goaltenders
Starting : Ilya Sorokin
Backup : Samuel Montembeault
Extra Forwards
Normal : Nic Dowd, Oliver Bjorkstrand, Cole Sillinger - PP : Nic Dowd, Oliver Bjorkstrand - PK : Cole Sillinger
Extra Defensemen
Normal : Jake Middleton, Jeremy Lauzon, Rasmus Andersson - PP : Jake Middleton - PK : Jeremy Lauzon, Rasmus Andersson
Penalty Shots
J.T. Miller, Sebastian Aho, Joel Eriksson Ek, Matthew Tkachuk, Pavel Zacha
Scratches
Timo Meier (Healthy), Noel Acciari (Healthy), Rafael Harvey-Pinard (Healthy)
Edmonton Oilers
5 vs 5 Forward
Center Left Wing Right Wing Time % Phy DF OF
1 Boone Jenner Brock Boeser Adrian Kempe 30 1 2 2
2 Jeff Carter David Perron Jake DeBrusk 30 1 2 2
3 Dawson Mercer Corey Perry Alex Iafallo 25 1 2 2
4 Ryan McLeod Morgan Barron Tanner Jeannot 15 1 2 2
5 vs 5 Defense
Defense Defense Time % Phy DF OF
1 Brandon Carlo Jacob Trouba 35 1 2 2
2 Evan Bouchard Scott Mayfield 35 1 2 2
3 Brett Pesce Rasmus Ristolainen 30 1 2 2
4 Brandon Carlo Jacob Trouba 0 1 2 2
PowerPlay Forward
Center Left Wing Right Wing Time % Phy DF OF
1 Boone Jenner Brock Boeser Adrian Kempe 50 1 2 2
2 Jeff Carter Jake DeBrusk Dawson Mercer 50 1 2 2
PowerPlay Defense
Defense Defense Time % Phy DF OF
1 Brandon Carlo Jacob Trouba 50 1 2 2
2 Evan Bouchard Brett Pesce 50 1 2 2
Penalty Kill 4 Players Forward
Center Wing Time % Phy DF OF
1 David Perron Brock Boeser 50 1 2 2
2 Jake DeBrusk Adrian Kempe 50 1 2 2
Penalty Kill 4 Players Defense
Defense Defense Time % Phy DF OF
1 Brandon Carlo Jacob Trouba 50 1 2 2
2 Evan Bouchard Rasmus Ristolainen 50 1 2 2
Penalty Kill - 3 Players Forward
Forward Time % Phy DF OF
1 Adrian Kempe 50 1 2 2
2 Brock Boeser 50 1 2 2
Penalty Kill - 3 Players Defense
Defense Defense Time % Phy DF OF
1 Brandon Carlo Jacob Trouba 50 1 2 2
2 Evan Bouchard Rasmus Ristolainen 50 1 2 2
4 vs 4 Forward
Center Wing Time % Phy DF OF
1 Jake DeBrusk Brock Boeser 50 1 2 2
2 Dawson Mercer Adrian Kempe 50 1 2 2
4 vs 4 Defense
Defense Defense Time % Phy DF OF
1 Brandon Carlo Jacob Trouba 50 1 2 2
2 Evan Bouchard Brett Pesce 50 1 2 2
Last Minutes Offensive
Center Left Wing Right Wing Defense Defense
Boone Jenner Brock Boeser Adrian Kempe Brandon Carlo Jacob Trouba
Last Minutes Defensive
Center Left Wing Right Wing Defense Defense
Boone Jenner Brock Boeser Adrian Kempe Brandon Carlo Jacob Trouba
Goaltenders
Starting : Juuse Saros
Backup : Matt Murray
Extra Forwards
Normal : Morgan Barron, Jake DeBrusk, Dawson Mercer - PP : Morgan Barron, Jake DeBrusk - PK : Dawson Mercer
Extra Defensemen
Normal : Brett Pesce, Rasmus Ristolainen, Evan Bouchard - PP : Brett Pesce - PK : Rasmus Ristolainen, Evan Bouchard
Penalty Shots
Dawson Mercer, Brock Boeser, Adrian Kempe, Jake DeBrusk, David Perron
Scratches
David Reinbacher (Healthy), Mikael Backlund (Healthy), Julien Gauthier (Healthy), Dylan Holloway (Healthy)
% Time on Ice - Calgary Flames
Lines # - Real PCT - Wanted PCT - Time Play
Normal Forward
1 - 29% - 30% - 14:03
2 - 27% - 30% - 12:55
3 - 28% - 25% - 13:21
4 - 16% - 15% - 7:57
Normal Defense
1 - 35% - 35% - 17:01
2 - 35% - 35% - 17:06
3 - 29% - 30% - 13:58
4 - 0% - 0% - 0:11
PP Forward
1 - 54% - 50% - 3:35
2 - 46% - 50% - 3:06
PP Defense
1 - 47% - 50% - 3:08
2 - 53% - 50% - 3:33
PK Forward
1 - 27% - 50% - 0:32
2 - 73% - 50% - 1:27
PK Defense
1 - 59% - 50% - 1:10
2 - 41% - 50% - 0:49
PK3 Forward
1 - 0% - 50%
2 - 0% - 50%
PK3 Defense
1 - 0% - 50%
2 - 0% - 50%
44 Forward
1 - 50% - 50% - 1:00
2 - 50% - 50% - 0:59
44 Defense
1 - 60% - 50% - 1:11
2 - 40% - 50% - 0:48
Last Minute Offensive - 0:00
Last Minute Defensive - 1:05
Total
Forward - 60:00
Defense - 60:00
|
% Time on Ice - Edmonton Oilers
Lines # - Real PCT - Wanted PCT - Time Play
Normal Forward
1 - 30% - 30% - 14:31
2 - 23% - 30% - 11:08
3 - 30% - 25% - 14:18
4 - 17% - 15% - 8:19
Normal Defense
1 - 36% - 35% - 17:19
2 - 35% - 35% - 16:56
3 - 29% - 30% - 14:01
4 - 0% - 0% - 0:00
PP Forward
1 - 49% - 50% - 0:58
2 - 51% - 50% - 1:01
PP Defense
1 - 60% - 50% - 1:11
2 - 40% - 50% - 0:48
PK Forward
1 - 54% - 50% - 2:52
2 - 46% - 50% - 2:24
PK Defense
1 - 44% - 50% - 2:18
2 - 56% - 50% - 2:58
PK3 Forward
1 - 59% - 50% - 0:50
2 - 41% - 50% - 0:35
PK3 Defense
1 - 32% - 50% - 0:27
2 - 68% - 50% - 0:58
44 Forward
1 - 50% - 50% - 1:00
2 - 50% - 50% - 0:59
44 Defense
1 - 61% - 50% - 1:13
2 - 39% - 50% - 0:46
Last Minute Offensive - 1:05
Last Minute Defensive - 0:00
Total
Forward - 60:00
Defense - 60:00
|
Play-by-Play
1st period
0:01 of 1st period - J.T. Miller wins face-off versus Boone Jenner in neutral zone.
0:03 of 1st period - Off-side.
0:04 of 1st period - J.T. Miller wins face-off versus Boone Jenner in neutral zone.
0:17 of 1st period - Brock Boeser is hit by Pavel Zacha and loses puck.
0:54 of 1st period - Boone Jenner is hit by J.T. Miller and loses puck.
1:23 of 1st period - Pavel Zacha is hit by Jacob Trouba and loses puck.
1:34 of 1st period - Brandon Carlo is hit by Matthew Tkachuk and loses puck.
3:16 of 1st period - Slapshot by Matthew Tkachuk.
3:16 of 1st period - Stopped by Juuse Saros without a rebound.
3:17 of 1st period - Jeff Carter wins face-off versus Sebastian Aho in Edmonton Oilers zone.
3:17 of 1st period - Jeff Carter is hit by Jeff Petry.
3:29 of 1st period - Snap shot by Jeff Carter.
3:29 of 1st period - Stopped by Ilya Sorokin with a rebound.
3:31 of 1st period - Backhand shot by Jake DeBrusk.
3:31 of 1st period - Stopped by Ilya Sorokin with a rebound.
4:11 of 1st period - Snap shot by Tanner Jeannot.
4:11 of 1st period - Shot Misses the Net.
4:25 of 1st period - Jake DeBrusk is hit by Jeremy Lauzon and loses puck.
4:40 of 1st period - Snap shot by Corey Perry.
4:40 of 1st period - Stopped by Ilya Sorokin with a rebound.
5:21 of 1st period - Corey Perry is hit by Cole Sillinger and loses puck.
6:49 of 1st period - Icing by Nic Dowd.
6:50 of 1st period - Ryan McLeod wins face-off versus Nic Dowd in Calgary Flames zone.
7:05 of 1st period - Snap shot by Mathieu Joseph.
7:05 of 1st period - Stopped by Juuse Saros without a rebound.
7:06 of 1st period - Oliver Bjorkstrand wins face-off versus Jeff Carter in Edmonton Oilers zone.
7:25 of 1st period - Wrist shot by Ryan McLeod.
7:25 of 1st period - Shot Misses the Net.
7:27 of 1st period - Slapshot by Rasmus Ristolainen.
7:27 of 1st period - Stopped by Ilya Sorokin without a rebound.
7:28 of 1st period - Ryan McLeod wins face-off versus Zach Hyman in Calgary Flames zone.
7:29 of 1st period - Slapshot by Tanner Jeannot.
7:29 of 1st period - Deflect By Ryan McLeod.
7:29 of 1st period - Shot Blocked by Sebastian Aho.
7:29 of 1st period - Puck is out of play.
7:30 of 1st period - Sebastian Aho wins face-off versus Jeff Carter in Calgary Flames zone.
7:38 of 1st period - Minor Penalty to David Perron for Holding.
7:39 of 1st period - Dawson Mercer wins face-off versus Joel Eriksson Ek in Edmonton Oilers zone.
8:15 of 1st period - Snap shot by J.T. Miller.
8:15 of 1st period - Deflect By Sebastian Aho.
8:15 of 1st period - Stopped by Juuse Saros without a rebound.
8:16 of 1st period - Joel Eriksson Ek wins face-off versus Jake DeBrusk in Edmonton Oilers zone.
8:49 of 1st period - Dawson Mercer is hit by Jeff Petry and loses puck.
8:56 of 1st period - Snap shot by J.T. Miller.
8:56 of 1st period - Shot Blocked by Dawson Mercer.
9:38 of 1st period - Penalty to David Perron is over, David Perron is back on ice.
9:46 of 1st period - Ryan McLeod is hit by Mathieu Joseph.
10:35 of 1st period - Slapshot by Evan Bouchard.
10:35 of 1st period - Stopped by Ilya Sorokin with a rebound.
10:37 of 1st period - Slapshot by Morgan Barron.
10:37 of 1st period - Stopped by Ilya Sorokin with a rebound.
10:39 of 1st period - Wrist shot by Ryan McLeod.
10:39 of 1st period - Goal by Ryan McLeod - Calgary Flames : 0 - Edmonton Oilers : 1.
10:40 of 1st period - Sebastian Aho wins face-off versus Dawson Mercer in neutral zone.
11:05 of 1st period - Jake DeBrusk is hit by Jeff Petry and loses puck.
11:14 of 1st period - Backhand shot by Oliver Bjorkstrand.
11:14 of 1st period - Stopped by Juuse Saros with a rebound.
11:40 of 1st period - Wrist shot by Adrian Kempe.
11:40 of 1st period - Stopped by Ilya Sorokin without a rebound.
11:41 of 1st period - Sebastian Aho wins face-off versus Dawson Mercer in Calgary Flames zone.
11:41 of 1st period - Sebastian Aho is hit by Brandon Carlo.
11:47 of 1st period - Corey Perry is hit by Joel Eriksson Ek.
11:51 of 1st period - Wrist shot by Sebastian Aho.
11:51 of 1st period - Deflect By Zach Hyman.
11:51 of 1st period - Shot Misses the Net.
11:51 of 1st period - Puck is out of play.
11:52 of 1st period - David Perron wins face-off versus Sebastian Aho in Edmonton Oilers zone.
12:03 of 1st period - Snap shot by David Perron.
12:03 of 1st period - Shot Blocked by Jeff Petry.
12:05 of 1st period - Slapshot by Brett Pesce.
12:05 of 1st period - Deflect By David Perron.
12:05 of 1st period - Shot Misses the Net.
12:05 of 1st period - Puck is out of play.
12:06 of 1st period - Dawson Mercer wins face-off versus Sebastian Aho in Calgary Flames zone.
12:09 of 1st period - Snap shot by Dawson Mercer.
12:09 of 1st period - Stopped by Ilya Sorokin without a rebound.
12:10 of 1st period - Sebastian Aho wins face-off versus Dawson Mercer in Calgary Flames zone.
12:39 of 1st period - Wrist shot by Jake DeBrusk.
12:39 of 1st period - Deflect By Drew Doughty.
12:39 of 1st period - Stopped by Ilya Sorokin without a rebound.
12:40 of 1st period - Jeff Carter wins face-off versus Oliver Bjorkstrand in Calgary Flames zone.
13:04 of 1st period - Mathieu Joseph is hit by Jacob Trouba and loses puck.
13:17 of 1st period - Wrist shot by David Perron.
13:17 of 1st period - Stopped by Ilya Sorokin without a rebound.
13:18 of 1st period - Dawson Mercer wins face-off versus Sebastian Aho in Calgary Flames zone.
13:49 of 1st period - Rasmus Ristolainen is hit by Pavel Zacha and loses puck.
14:23 of 1st period - Snap shot by Oliver Bjorkstrand.
14:23 of 1st period - Stopped by Juuse Saros with a rebound.
14:31 of 1st period - Oliver Bjorkstrand is hit by Jeff Carter and loses puck.
15:52 of 1st period - Snap shot by Jake DeBrusk.
15:52 of 1st period - Stopped by Ilya Sorokin without a rebound.
15:53 of 1st period - Dawson Mercer wins face-off versus Oliver Bjorkstrand in Calgary Flames zone.
15:54 of 1st period - Wrist shot by Corey Perry.
15:54 of 1st period - Deflect By Dawson Mercer.
15:54 of 1st period - Stopped by Ilya Sorokin with a rebound.
16:18 of 1st period - Jeff Carter is hit by Joel Eriksson Ek and loses puck.
16:43 of 1st period - J.T. Miller is hit by Jacob Trouba and loses puck.
17:12 of 1st period - Jeremy Lauzon is hit by Morgan Barron and loses puck.
17:23 of 1st period - Wrist shot by Zach Hyman.
17:23 of 1st period - Shot Misses the Net.
17:25 of 1st period - Wrist shot by Sebastian Aho.
17:25 of 1st period - Shot Blocked by Corey Perry.
17:27 of 1st period - Snap shot by Zach Hyman.
17:27 of 1st period - Shot Misses the Net.
17:29 of 1st period - Snap shot by Sebastian Aho.
17:29 of 1st period - Shot Misses the Net.
17:31 of 1st period - Slapshot by Joel Eriksson Ek.
17:31 of 1st period - Shot Blocked by Brett Pesce.
17:33 of 1st period - Slapshot by Rasmus Andersson.
17:33 of 1st period - Stopped by Juuse Saros with a rebound.
17:53 of 1st period - Off-side.
17:54 of 1st period - J.T. Miller wins face-off versus Boone Jenner in neutral zone.
18:09 of 1st period - Wrist shot by Pavel Zacha.
18:09 of 1st period - Shot Misses the Net.
18:11 of 1st period - Slapshot by Jake Middleton.
18:11 of 1st period - Stopped by Juuse Saros without a rebound.
18:12 of 1st period - Jeff Carter wins face-off versus Sebastian Aho in Edmonton Oilers zone.
18:27 of 1st period - Snap shot by Jeff Carter.
18:27 of 1st period - Shot Blocked by Kris Letang.
19:13 of 1st period - Snap shot by Brock Boeser.
19:13 of 1st period - Shot Misses the Net.
19:15 of 1st period - Snap shot by Jacob Trouba.
19:15 of 1st period - Stopped by Ilya Sorokin without a rebound.
19:16 of 1st period - Jeff Carter wins face-off versus Sebastian Aho in Calgary Flames zone.
19:33 of 1st period - Slapshot by Joel Eriksson Ek.
19:33 of 1st period - Shot Misses the Net.
Goals for this period are 0 for Calgary Flames vs 1 for Edmonton Oilers.
Shots for this period are 7 for Calgary Flames vs 14 for Edmonton Oilers.
2nd period
0:01 of 2nd period - Zach Hyman wins face-off versus Jeff Carter in neutral zone.
1:35 of 2nd period - Wrist shot by David Perron.
1:35 of 2nd period - Shot Misses the Net.
1:37 of 2nd period - Slapshot by Brandon Carlo.
1:37 of 2nd period - Shot Misses the Net.
1:50 of 2nd period - Rasmus Andersson is hit by Jacob Trouba and loses puck.
2:46 of 2nd period - Snap shot by Nic Dowd.
2:46 of 2nd period - Stopped by Juuse Saros with a rebound.
3:03 of 2nd period - Minor Penalty to Boone Jenner for Cross-checking.
3:04 of 2nd period - Sebastian Aho wins face-off versus Jake DeBrusk in Edmonton Oilers zone.
3:19 of 2nd period - Wrist shot by Brock Boeser.
3:19 of 2nd period - Shot Misses the Net.
3:21 of 2nd period - Slapshot by Brock Boeser.
3:21 of 2nd period - Shot Misses the Net.
3:23 of 2nd period - Slapshot by David Perron.
3:23 of 2nd period - Stopped by Ilya Sorokin with a rebound.
3:25 of 2nd period - Slapshot by Brandon Carlo.
3:25 of 2nd period - Deflect By Drew Doughty.
3:25 of 2nd period - Stopped by Ilya Sorokin without a rebound.
3:26 of 2nd period - Joel Eriksson Ek wins face-off versus Jake DeBrusk in Calgary Flames zone.
3:26 of 2nd period - Joel Eriksson Ek is hit by Rasmus Ristolainen.
3:52 of 2nd period - Rasmus Andersson is hit by Evan Bouchard and loses puck.
4:23 of 2nd period - David Perron is hit by Matthew Tkachuk and loses puck.
5:03 of 2nd period - Penalty to Boone Jenner is over, Boone Jenner is back on ice.
5:22 of 2nd period - Kris Letang is hit by Dawson Mercer.
5:42 of 2nd period - Snap shot by Nic Dowd.
5:42 of 2nd period - Deflect By Morgan Barron.
5:42 of 2nd period - Goal by Nic Dowd - Calgary Flames : 1 - Edmonton Oilers : 1.
5:43 of 2nd period - Sebastian Aho wins face-off versus Boone Jenner in neutral zone.
5:46 of 2nd period - Slapshot by Rasmus Andersson.
5:46 of 2nd period - Stopped by Juuse Saros without a rebound.
5:47 of 2nd period - Boone Jenner wins face-off versus Sebastian Aho in Edmonton Oilers zone.
6:19 of 2nd period - J.T. Miller is hit by Brandon Carlo and loses puck.
6:48 of 2nd period - Rasmus Ristolainen is hit by Mathieu Joseph and loses puck.
7:07 of 2nd period - Slapshot by Mathieu Joseph.
7:07 of 2nd period - Stopped by Juuse Saros with a rebound.
7:37 of 2nd period - Wrist shot by Corey Perry.
7:37 of 2nd period - Stopped by Ilya Sorokin without a rebound.
7:38 of 2nd period - Boone Jenner wins face-off versus Joel Eriksson Ek in Calgary Flames zone.
7:42 of 2nd period - Minor Penalty to Joel Eriksson Ek for Interference.
7:43 of 2nd period - Boone Jenner wins face-off versus Pavel Zacha in Calgary Flames zone.
8:11 of 2nd period - Wrist shot by Dawson Mercer.
8:11 of 2nd period - Shot Misses the Net.
8:13 of 2nd period - Slapshot by Brandon Carlo.
8:13 of 2nd period - Stopped by Ilya Sorokin with a rebound.
9:42 of 2nd period - Penalty to Joel Eriksson Ek is over, Joel Eriksson Ek is back on ice.
9:51 of 2nd period - Wrist shot by Yakov Trenin.
9:51 of 2nd period - Deflect By Tanner Jeannot.
9:51 of 2nd period - Stopped by Juuse Saros with a rebound.
10:25 of 2nd period - Sebastian Aho is hit by Tanner Jeannot and loses puck.
11:28 of 2nd period - David Perron is hit by Rasmus Andersson and loses puck.
11:37 of 2nd period - Mathieu Joseph is hit by Brandon Carlo and loses puck.
11:46 of 2nd period - Wrist shot by David Perron.
11:46 of 2nd period - Stopped by Ilya Sorokin without a rebound.
11:47 of 2nd period - Boone Jenner wins face-off versus J.T. Miller in Calgary Flames zone.
12:14 of 2nd period - Dawson Mercer is hit by Joel Eriksson Ek and loses puck.
13:55 of 2nd period - Backhand shot by Adrian Kempe.
13:55 of 2nd period - Deflect By Brock Boeser.
13:55 of 2nd period - Shot Misses the Net.
13:55 of 2nd period - Puck is out of play.
13:56 of 2nd period - J.T. Miller wins face-off versus Boone Jenner in Calgary Flames zone.
13:56 of 2nd period - J.T. Miller is hit by Adrian Kempe.
14:44 of 2nd period - Matthew Tkachuk is hit by Scott Mayfield and loses puck.
14:51 of 2nd period - Wrist shot by Tanner Jeannot.
14:51 of 2nd period - Stopped by Ilya Sorokin without a rebound.
14:52 of 2nd period - Sebastian Aho wins face-off versus Jeff Carter in Calgary Flames zone.
15:41 of 2nd period - Brandon Carlo is hit by Garnet Hathaway and loses puck.
15:52 of 2nd period - Snap shot by Garnet Hathaway.
15:52 of 2nd period - Shot Misses the Net.
16:53 of 2nd period - Snap shot by Zach Hyman.
16:53 of 2nd period - Shot Misses the Net.
16:55 of 2nd period - Backhand shot by Jeff Petry.
16:55 of 2nd period - Shot Misses the Net.
16:57 of 2nd period - Wrist shot by Sebastian Aho.
16:57 of 2nd period - Shot Misses the Net.
17:03 of 2nd period - Minor Penalty to Brandon Carlo for Delaying the game.
17:04 of 2nd period - Joel Eriksson Ek wins face-off versus Adrian Kempe in Edmonton Oilers zone.
17:05 of 2nd period - Backhand shot by Matthew Tkachuk.
17:05 of 2nd period - Shot Blocked by Evan Bouchard.
17:07 of 2nd period - Slapshot by Jeff Petry.
17:07 of 2nd period - Stopped by Juuse Saros with a rebound.
17:09 of 2nd period - Slapshot by Rasmus Andersson.
17:09 of 2nd period - Stopped by Juuse Saros without a rebound.
17:10 of 2nd period - Joel Eriksson Ek wins face-off versus Jake DeBrusk in Edmonton Oilers zone.
17:11 of 2nd period - Snap shot by Matthew Tkachuk.
17:11 of 2nd period - Stopped by Juuse Saros with a rebound.
17:13 of 2nd period - Wrist shot by Joel Eriksson Ek.
17:13 of 2nd period - Shot Misses the Net.
17:15 of 2nd period - Snap shot by Joel Eriksson Ek.
17:15 of 2nd period - Goal by Joel Eriksson Ek - Calgary Flames : 2 - Edmonton Oilers : 1.
17:16 of 2nd period - Sebastian Aho wins face-off versus Jeff Carter in neutral zone.
17:21 of 2nd period - Snap shot by Sebastian Aho.
17:21 of 2nd period - Shot Misses the Net.
17:23 of 2nd period - Slapshot by Drew Doughty.
17:23 of 2nd period - Shot Blocked by Jake DeBrusk.
17:25 of 2nd period - Slapshot by Drew Doughty.
17:25 of 2nd period - Deflect By Joel Eriksson Ek.
17:25 of 2nd period - Shot Blocked by Jeff Carter.
17:25 of 2nd period - Puck is out of play.
17:26 of 2nd period - Jeff Carter wins face-off versus Sebastian Aho in Edmonton Oilers zone.
17:37 of 2nd period - Snap shot by Zach Hyman.
17:37 of 2nd period - Stopped by Juuse Saros with a rebound.
17:39 of 2nd period - Slapshot by Kris Letang.
17:39 of 2nd period - Shot Misses the Net.
17:47 of 2nd period - Jake DeBrusk is hit by Joel Eriksson Ek and loses puck.
18:08 of 2nd period - Wrist shot by Sebastian Aho.
18:08 of 2nd period - Deflect By Zach Hyman.
18:08 of 2nd period - Stopped by Juuse Saros without a rebound.
18:09 of 2nd period - J.T. Miller wins face-off versus Boone Jenner in Edmonton Oilers zone.
18:35 of 2nd period - Jacob Trouba is hit by Oliver Bjorkstrand.
18:43 of 2nd period - Slapshot by Brandon Carlo.
18:43 of 2nd period - Shot Misses the Net.
19:01 of 2nd period - Slapshot by Evan Bouchard.
19:01 of 2nd period - Deflect By Alex Iafallo.
19:01 of 2nd period - Shot Misses the Net.
19:01 of 2nd period - Puck is out of play.
19:02 of 2nd period - J.T. Miller wins face-off versus Dawson Mercer in Calgary Flames zone.
19:38 of 2nd period - Wrist shot by Joel Eriksson Ek.
19:38 of 2nd period - Stopped by Juuse Saros without a rebound.
19:39 of 2nd period - J.T. Miller wins face-off versus Jeff Carter in Edmonton Oilers zone.
19:42 of 2nd period - Snap shot by Matthew Tkachuk.
19:42 of 2nd period - Shot Misses the Net.
Goals for this period are 2 for Calgary Flames vs 0 for Edmonton Oilers.
Shots for this period are 12 for Calgary Flames vs 6 for Edmonton Oilers.
3rd period
0:01 of 3rd period - Sebastian Aho wins face-off versus Boone Jenner in neutral zone.
0:08 of 3rd period - Snap shot by Joel Eriksson Ek.
0:08 of 3rd period - Deflect By Zach Hyman.
0:08 of 3rd period - Shot Misses the Net.
0:08 of 3rd period - Puck is out of play.
0:09 of 3rd period - Boone Jenner wins face-off versus Sebastian Aho in Edmonton Oilers zone.
0:13 of 3rd period - Off-side.
0:14 of 3rd period - Jeff Carter wins face-off versus Zach Hyman in neutral zone.
0:19 of 3rd period - Snap shot by David Perron.
0:19 of 3rd period - Shot Misses the Net.
0:21 of 3rd period - Slapshot by Jeff Carter.
0:21 of 3rd period - Goal by Jeff Carter - Calgary Flames : 2 - Edmonton Oilers : 2.
0:22 of 3rd period - J.T. Miller wins face-off versus Boone Jenner in neutral zone.
1:20 of 3rd period - Jeremy Lauzon is hit by Ryan McLeod.
1:32 of 3rd period - Snap shot by Pavel Zacha.
1:32 of 3rd period - Shot Misses the Net.
1:34 of 3rd period - Slapshot by Jeremy Lauzon.
1:34 of 3rd period - Shot Blocked by Jacob Trouba.
1:36 of 3rd period - Snap shot by J.T. Miller.
1:36 of 3rd period - Stopped by Juuse Saros without a rebound.
1:37 of 3rd period - Boone Jenner wins face-off versus Pavel Zacha in Edmonton Oilers zone.
1:48 of 3rd period - Snap shot by Brock Boeser.
1:48 of 3rd period - Deflect By J.T. Miller.
1:48 of 3rd period - Stopped by Ilya Sorokin with a rebound.
1:50 of 3rd period - Snap shot by Adrian Kempe.
1:50 of 3rd period - Shot Blocked by J.T. Miller.
1:52 of 3rd period - Snap shot by Brock Boeser.
1:52 of 3rd period - Stopped by Ilya Sorokin with a rebound.
1:53 of 3rd period - Matthew Tkachuk beats up Adrian Kempe.
1:53 of 3rd period - Penalty to Adrian Kempe for Fighting.
1:53 of 3rd period - Penalty to Matthew Tkachuk for Fighting.
1:54 of 3rd period - Sebastian Aho wins face-off versus David Perron in Calgary Flames zone.
2:43 of 3rd period - Drew Doughty is hit by Alex Iafallo and loses puck.
3:23 of 3rd period - Off-side.
3:24 of 3rd period - Pavel Zacha wins face-off versus Ryan McLeod in neutral zone.
4:14 of 3rd period - Snap shot by Drew Doughty.
4:14 of 3rd period - Shot Misses the Net.
4:16 of 3rd period - Minor Penalty to Evan Bouchard for Tripping.
4:17 of 3rd period - David Perron wins face-off versus Joel Eriksson Ek in Edmonton Oilers zone.
4:17 of 3rd period - David Perron is hit by Nic Dowd.
4:25 of 3rd period - Snap shot by Pavel Zacha.
4:25 of 3rd period - Deflect By Brock Boeser.
4:25 of 3rd period - Stopped by Juuse Saros without a rebound.
4:26 of 3rd period - Joel Eriksson Ek wins face-off versus David Perron in Edmonton Oilers zone.
4:39 of 3rd period - Snap shot by Joel Eriksson Ek.
4:39 of 3rd period - Shot Misses the Net.
4:41 of 3rd period - Slapshot by Rasmus Andersson.
4:41 of 3rd period - Shot Misses the Net.
4:43 of 3rd period - Slapshot by Joel Eriksson Ek.
4:43 of 3rd period - Shot Blocked by David Perron.
4:45 of 3rd period - Slapshot by Jeff Petry.
4:45 of 3rd period - Shot Blocked by Rasmus Ristolainen.
4:47 of 3rd period - Slapshot by Nic Dowd.
4:47 of 3rd period - Stopped by Juuse Saros without a rebound.
4:47 of 3rd period - Double Minor Penalty to Juuse Saros for Slashing.
4:48 of 3rd period - Dawson Mercer wins face-off versus Sebastian Aho in Edmonton Oilers zone.
5:38 of 3rd period - Wrist shot by Joel Eriksson Ek.
5:38 of 3rd period - Shot Misses the Net.
5:40 of 3rd period - Slapshot by Rasmus Andersson.
5:40 of 3rd period - Stopped by Juuse Saros without a rebound.
5:41 of 3rd period - Zach Hyman wins face-off versus Brock Boeser in Edmonton Oilers zone.
6:06 of 3rd period - Backhand shot by Joel Eriksson Ek.
6:06 of 3rd period - Stopped by Juuse Saros with a rebound.
6:08 of 3rd period - Slapshot by Rasmus Andersson.
6:08 of 3rd period - Deflect By Nic Dowd.
6:08 of 3rd period - Stopped by Juuse Saros without a rebound.
6:09 of 3rd period - Nic Dowd wins face-off versus Brock Boeser in Edmonton Oilers zone.
6:12 of 3rd period - Snap shot by Pavel Zacha.
6:12 of 3rd period - Goal by Pavel Zacha - Calgary Flames : 3 - Edmonton Oilers : 2.
6:13 of 3rd period - Jake DeBrusk wins face-off versus Sebastian Aho in neutral zone.
6:27 of 3rd period - Minor Penalty to Rasmus Andersson for Tripping.
6:28 of 3rd period - Pavel Zacha wins face-off versus Jake DeBrusk in Calgary Flames zone.
6:34 of 3rd period - Wrist shot by Sebastian Aho.
6:34 of 3rd period - Shot Misses the Net.
6:40 of 3rd period - Snap shot by Sebastian Aho.
6:40 of 3rd period - Shot Misses the Net.
6:42 of 3rd period - Snap shot by Sebastian Aho.
6:42 of 3rd period - Stopped by Juuse Saros with a rebound.
6:53 of 3rd period - Penalty to Adrian Kempe is over, Adrian Kempe is back on ice.
6:53 of 3rd period - Penalty to Matthew Tkachuk is over, Matthew Tkachuk is back on ice.
6:54 of 3rd period - Drew Doughty is hit by Adrian Kempe and loses puck.
7:10 of 3rd period - Snap shot by Adrian Kempe.
7:10 of 3rd period - Shot Blocked by Matthew Tkachuk.
7:12 of 3rd period - Wrist shot by Brandon Carlo.
7:12 of 3rd period - Stopped by Ilya Sorokin without a rebound.
7:13 of 3rd period - Pavel Zacha wins face-off versus Jake DeBrusk in Calgary Flames zone.
8:27 of 3rd period - Penalty to Rasmus Andersson is over, Rasmus Andersson is back on ice.
8:47 of 3rd period - Penalty to David Perron is over, David Perron is back on ice.
9:08 of 3rd period - Snap shot by Sebastian Aho.
9:08 of 3rd period - Shot Blocked by David Perron.
9:41 of 3rd period - Jeff Petry is hit by Brock Boeser and loses puck.
10:08 of 3rd period - Wrist shot by David Perron.
10:08 of 3rd period - Stopped by Ilya Sorokin with a rebound.
10:10 of 3rd period - Snap shot by Brock Boeser.
10:10 of 3rd period - Shot Misses the Net.
10:12 of 3rd period - Slapshot by Evan Bouchard.
10:12 of 3rd period - Deflect By Brock Boeser.
10:12 of 3rd period - Stopped by Ilya Sorokin with a rebound.
10:18 of 3rd period - Wrist shot by Brock Boeser.
10:18 of 3rd period - Stopped by Ilya Sorokin without a rebound.
10:19 of 3rd period - Dawson Mercer wins face-off versus Oliver Bjorkstrand in Calgary Flames zone.
10:25 of 3rd period - Cole Sillinger beats up Corey Perry.
10:25 of 3rd period - Penalty to Corey Perry for Fighting.
10:25 of 3rd period - Penalty to Cole Sillinger for Fighting.
10:26 of 3rd period - Dawson Mercer wins face-off versus Oliver Bjorkstrand in Calgary Flames zone.
11:04 of 3rd period - Jake Middleton is hit by Rasmus Ristolainen and loses puck.
11:50 of 3rd period - Off-side.
11:51 of 3rd period - Dawson Mercer wins face-off versus Nic Dowd in neutral zone.
12:02 of 3rd period - Snap shot by Dawson Mercer.
12:02 of 3rd period - Shot Blocked by Kris Letang.
12:26 of 3rd period - Wrist shot by David Perron.
12:26 of 3rd period - Stopped by Ilya Sorokin with a rebound.
12:28 of 3rd period - Snap shot by David Perron.
12:28 of 3rd period - Shot Misses the Net.
13:08 of 3rd period - Snap shot by J.T. Miller.
13:08 of 3rd period - Stopped by Juuse Saros with a rebound.
13:15 of 3rd period - Icing by Dawson Mercer.
13:16 of 3rd period - Nic Dowd wins face-off versus Alex Iafallo in Edmonton Oilers zone.
13:25 of 3rd period - Slapshot by Drew Doughty.
13:25 of 3rd period - Stopped by Juuse Saros with a rebound.
14:41 of 3rd period - Wrist shot by Garnet Hathaway.
14:41 of 3rd period - Stopped by Juuse Saros without a rebound.
14:42 of 3rd period - Boone Jenner wins face-off versus Sebastian Aho in Edmonton Oilers zone.
15:13 of 3rd period - Wrist shot by Brock Boeser.
15:13 of 3rd period - Stopped by Ilya Sorokin with a rebound.
15:15 of 3rd period - Snap shot by Rasmus Ristolainen.
15:15 of 3rd period - Shot Misses the Net.
15:17 of 3rd period - Slapshot by Brock Boeser.
15:17 of 3rd period - Stopped by Ilya Sorokin without a rebound.
15:18 of 3rd period - Oliver Bjorkstrand wins face-off versus Alex Iafallo in Calgary Flames zone.
15:23 of 3rd period - Wrist shot by Alex Iafallo.
15:23 of 3rd period - Goal by Alex Iafallo - Calgary Flames : 3 - Edmonton Oilers : 3.
15:24 of 3rd period - Oliver Bjorkstrand wins face-off versus Dawson Mercer in neutral zone.
16:05 of 3rd period - Kris Letang is hit by Adrian Kempe and loses puck.
16:16 of 3rd period - Slapshot by Matthew Tkachuk.
16:16 of 3rd period - Stopped by Juuse Saros without a rebound.
16:17 of 3rd period - Oliver Bjorkstrand wins face-off versus Dawson Mercer in Edmonton Oilers zone.
16:18 of 3rd period - Slapshot by Mathieu Joseph.
16:18 of 3rd period - Shot Misses the Net.
16:42 of 3rd period - Nic Dowd is hit by David Perron.
16:43 of 3rd period - Icing by Nic Dowd.
16:44 of 3rd period - Jeff Carter wins face-off versus Yakov Trenin in Calgary Flames zone.
16:45 of 3rd period - Snap shot by David Perron.
16:45 of 3rd period - Shot Blocked by Yakov Trenin.
17:11 of 3rd period - Oliver Bjorkstrand is hit by Brett Pesce and loses puck.
17:53 of 3rd period - Off-side.
17:54 of 3rd period - Sebastian Aho wins face-off versus Dawson Mercer in neutral zone.
17:59 of 3rd period - Kris Letang is hit by Dawson Mercer and loses puck.
18:03 of 3rd period - Icing by Drew Doughty.
18:04 of 3rd period - Dawson Mercer wins face-off versus Sebastian Aho in Calgary Flames zone.
18:18 of 3rd period - Off-side.
18:19 of 3rd period - Cole Sillinger wins face-off versus Morgan Barron in neutral zone.
18:45 of 3rd period - Corey Perry is hit by Garnet Hathaway and loses puck.
18:50 of 3rd period - Snap shot by Nic Dowd.
18:50 of 3rd period - Stopped by Juuse Saros without a rebound.
18:51 of 3rd period - Nic Dowd wins face-off versus Dawson Mercer in Edmonton Oilers zone.
18:54 of 3rd period - Wrist shot by Yakov Trenin.
18:54 of 3rd period - Goal by Yakov Trenin - Calgary Flames : 4 - Edmonton Oilers : 3.
18:55 of 3rd period - Boone Jenner wins face-off versus J.T. Miller in neutral zone.
19:02 of 3rd period - Edmonton Oilers, Juuse Saros is pulled from the net.
19:18 of 3rd period - Snap shot by Brock Boeser.
19:18 of 3rd period - Deflect By Pavel Zacha.
19:18 of 3rd period - Stopped by Ilya Sorokin without a rebound.
19:19 of 3rd period - Jon Cooper call a timeout for Edmonton Oilers.
19:19 of 3rd period - Boone Jenner wins face-off versus J.T. Miller in Calgary Flames zone.
19:22 of 3rd period - Snap shot by Brock Boeser.
19:22 of 3rd period - Shot Misses the Net.
19:24 of 3rd period - Slapshot by Adrian Kempe.
19:24 of 3rd period - Shot Blocked by J.T. Miller.
19:26 of 3rd period - Snap shot by Jacob Trouba.
19:26 of 3rd period - Shot Misses the Net.
19:28 of 3rd period - Snap shot by Brock Boeser.
19:28 of 3rd period - Deflect By Adrian Kempe.
19:28 of 3rd period - Stopped by Ilya Sorokin with a rebound.
19:30 of 3rd period - Snap shot by Boone Jenner.
19:30 of 3rd period - Stopped by Ilya Sorokin without a rebound.
19:31 of 3rd period - Boone Jenner wins face-off versus J.T. Miller in Calgary Flames zone.
19:46 of 3rd period - Wrist shot by Adrian Kempe.
19:46 of 3rd period - Shot Misses the Net.
19:48 of 3rd period - Slapshot by Brandon Carlo.
19:48 of 3rd period - Shot Blocked by Drew Doughty.
19:50 of 3rd period - Slapshot by Boone Jenner.
19:50 of 3rd period - Stopped by Ilya Sorokin without a rebound.
19:51 of 3rd period - J.T. Miller wins face-off versus Boone Jenner in Calgary Flames zone.
Goals for this period are 2 for Calgary Flames vs 2 for Edmonton Oilers.
Shots for this period are 14 for Calgary Flames vs 15 for Edmonton Oilers.
Back to the Top